 Dungeon Crawl Stone Soup version 0.32-a0-471-gb91d5d9764 (webtiles) character file.

Game seed: 17355654983654061966

4263 Alarak the Cleaver (level 10, -5/83 HPs)
             Began as a Formicid Fighter on Feb 25, 2024.
             Was a Believer of Cheibriados.
             Slain by a two-headed ogre
             ... wielding a +0 giant spiked club
              (18 damage)
             ... on level 8 of the Dungeon.
             The game lasted 00:18:37 (7370 turns).

Alarak the Cleaver (Formicid Fighter)               Turns: 7370, Time: 00:18:37

Health: -5/83      AC: 14    Str: 31    XL:     10   Next: 56%
Magic:  10/12      EV: 10    Int: 14    God:    Cheibriados [**....]
Gold:   330        SH:  9    Dex: 25    Spells: 9/9 levels left

rFire   . . .        e - +3 spear (venom)
rCold   . . .        c - +1 buckler
rNeg    . . .        b - +0 scale mail
rPois   .            (helmet unavailable)
rElec   .            j - +0 cloak
rCorr   .            w - +2 pair of gloves
SInv    +            C - +2 pair of boots
Will    ++...        u - amulet of faith
Stlth   +            q - +6 ring of dexterity
HPRegen 0.33/turn    h - ring of willpower
MPRegen 0.13/turn

%: faith
@: invisible, very slow
A: permanent stasis, dig shafts and tunnels, antennae 3, four strong arms
a: Dig, Shaft Self, Renounce Religion, Bend Time


You were on level 8 of the Dungeon.
You worshipped Cheibriados.
Cheibriados was pleased with you.
You visited 2 branches of the dungeon, and saw 9 of its levels.

You collected 450 gold pieces.
You spent 120 gold pieces at shops.

Inventory:

Hand Weapons
 a - a +0 war axe
 e - a +3 spear of venom (weapon)
 A - a +2 spear of flaming
Missiles
 o - a throwing net
Armour
 b - a +0 scale mail (worn)
 c - a +1 buckler (worn)
 j - a +0 cloak (worn)
 w - a +2 pair of gloves (worn)
 C - a +2 pair of boots (worn)
Jewellery
 h - a ring of willpower (right hand)
 n - a ring of fire
 q - a +6 ring of dexterity (left hand)
 u - an amulet of faith (around neck)
Wands
 t - a wand of polymorph (9)
 x - a wand of flame (28)
Scrolls
 l - a scroll of immolation
 p - a scroll of poison
 s - a scroll of enchant armour
 y - a scroll of vulnerability
 z - a scroll of fear
 D - a scroll of silence {unknown}
 E - a scroll of torment {unknown}
 H - a scroll of identify
Potions
 d - 4 potions of might
 f - 3 potions of resistance
 g - a potion of magic
 i - a potion of invisibility
 k - a potion of cancellation
 m - a potion of lignification
 r - 4 potions of curing
 B - a potion of ambrosia {unknown}
 F - 2 potions of enlightenment {unknown}
 G - a potion of mutation {unknown}


   Skills:
 - Level 9.0 Fighting
 - Level 10.2 Axes
 - Level 3.2 Armour
 - Level 10.1 Shields
 + Level 3.2 Invocations


You had 9 spell levels left.
You didn't know any spells.
Your spell library contained the following spells:

 Spells                   Type           Power      Damage    Failure   Level
 Call Imp                 Summ           0%         N/A       67%         2
 Sublimation of Blood     Necr           0%         N/A       67%         2
 Dazzling Flash           Conj/Hex       0%         N/A       88%         3
 Volatile Blastmotes      Fire/Tloc      0%         2d10      88%         3
 Fulminant Prism          Conj/Alch      0%         3d5       99%         4
 Iskenderun's Mystic Bla  Conj/Tloc      0%         2d3       99%         4
 Leda's Liquefaction      Alch/Erth      0%         N/A       99%         4
 Petrify                  Alch/Erth      0%         N/A       99%         4
 Lee's Rapid Deconstruct  Erth           0%         3d4*      100%        5
 Bombard                  Conj/Erth      0%         9d1       100%        6
 Summon Hydra             Summ           0%         N/A       100%        7


Dungeon Overview and Level Annotations

Branches:
Dungeon (8/15)             Temple (1/1) D:5
   Lair: D:8-11

Altars:
Ashenzari
Cheibriados
Dithmenos
Elyvilon
Fedhas
Gozag
Hepliaklqana
Kikubaaqudgha
Makhleb
Nemelex Xobeh
Okawaru
Qazlal
Ru
Sif Muna
Trog
Uskayaw
Vehumet
Wu Jian
Yredelemnul
Zin
The Shining One

Shops:
D:4 ?   D:7 **[:


Innate Abilities, Weirdness & Mutations

You cannot be hasted, slowed, berserked, paralysed or teleported.
You can dig through walls and to a lower floor.
You have a pair of large antennae on your head. (SInv)
Your four strong arms can wield two-handed weapons with a shield.


Message History

You puncture the two-headed ogre!
The two-headed ogre looks as sick as possible!
The two-headed ogre is moderately wounded.
The two-headed ogre hits you with a +0 giant spiked club!
The two-headed ogre closely misses you. The flow of time bends around you.
The two-headed ogre resists with some effort.
The two-headed ogre hits you with a +0 giant spiked club!!
* * * LOW HITPOINT WARNING * * *
The two-headed ogre hits you but does no damage.
You feel much better.
You fade into invisibility!
You block the two-headed ogre's attack.
The two-headed ogre completely misses you.
Found a scroll labelled WIHAIV IBUANNI.
The two-headed ogre closely misses you. You block the two-headed ogre's attack.
You are too injured to fight recklessly!
You are too injured to fight recklessly!
You hit the two-headed ogre but do no damage.
The two-headed ogre looks as sick as possible!
The two-headed ogre is severely wounded.
The two-headed ogre hits you with a +0 giant spiked club!
* * * LOW HITPOINT WARNING * * *
The two-headed ogre hits you with a +0 giant spiked club.
* * * LOW HITPOINT WARNING * * *
You hit the two-headed ogre.
The two-headed ogre is severely wounded.
You hit the two-headed ogre but do no damage.
The two-headed ogre looks as sick as possible!
The two-headed ogre is severely wounded.
You block the two-headed ogre's attack.
The two-headed ogre hits you with a +0 giant spiked club.
* * * LOW HITPOINT WARNING * * *
You barely miss the two-headed ogre.
The two-headed ogre is severely wounded.
The two-headed ogre hits you with a +0 giant spiked club!
* * * LOW HITPOINT WARNING * * *
The two-headed ogre hits you with a +0 giant spiked club!!
You die...
Cheibriados appreciates the motionlessness of death.

...... ##. #..# #.#
###..## .. ... #..# #.#
.... .?# #.. #..# #.#
#..# .... #.. #..# #.#
.....#.. #..# #.# {
....#..##### #..# #.#
.......#...## ,#.#O....#
... #.@.....# #..##..
###.....# #..##.##.#
##...## #..##.##.# ##.##
#..##.##.########.#######
#..##.##.##..............
#..##.##.##.#####.#######
#..##.##.##.......#
#......#.##.#######


You could see a two-headed ogre (unable to see you, extremely poisoned).

Vanquished Creatures
  A deep elf pyromancer (D:7)
  Jeremiah (D:7)
  Grinder (D:4)
  Prince Ribbit (D:7)
  Sigmund (D:3)
  A wyvern (D:7)
  6 yaks
  A water moccasin (D:5)
  Duvessa (D:5)
  3 sky beasts
  An orc warrior (D:8)
  An ice beast (D:8)
  2 phantoms (D:6)
  A bullfrog (D:6)
  3 scorpions
  A gnoll sergeant (D:8)
  Dowan (D:5)
  2 howler monkeys
  3 hounds
  A jelly (D:5)
  3 orc priests
  3 bombardier beetles
  2 gnoll boudas
  A sleepcap (D:4)
  Natasha (thrice) (D:4)
  2 orc wizards
  14 gnolls
  4 adders
  A white imp (D:6)
  4 ufetubi
  A dart slug (D:5)
  2 ribbon worms (D:2)
  15 orcs
  4 ball pythons
  11 endoplasms
  6 giant cockroaches
  6 hobgoblins
  3 quokkas
  2 bats
  6 frilled lizards
  7 goblins
  4 kobolds
  5 rats
142 creatures vanquished.

Notes
Turn   | Place    | Note
-------+----------+-------------------------------------------
     0 | D:1      | Alarak the Formicid Fighter began the quest for the Orb.
     0 | D:1      | Reached XP level 1. HP: 18/18 MP: 1/1
   123 | D:1      | Reached XP level 2. HP: 25/25 MP: 2/2
   471 | D:1      | Found a faded altar of an unknown god.
   648 | D:2      | Reached XP level 3. HP: 31/31 MP: 3/3
   839 | D:2      | Found a radiant altar of Vehumet.
   964 | D:2      | Reached skill level 5 in Fighting
  1106 | D:2      | Reached XP level 4. HP: 39/39 MP: 4/4
  1544 | D:3      | Reached XP level 5. HP: 46/46 MP: 5/5
  1672 | D:3      | Found a faded altar of an unknown god.
  1726 | D:3      | Noticed Sigmund
  1735 | D:3      | Killed Sigmund
  1736 | D:3      | Reached XP level 6. HP: 48/55 MP: 6/6
  1773 | D:3      | Found a glowing golden altar of the Shining One.
  1941 | D:3      | Found an opulent altar of Gozag.
  2451 | D:4      | Noticed Natasha
  2456 | D:4      | Killed Natasha
  2586 | D:4      | Found Kudareko's Magic Scroll Shop.
  2853 | D:4      | Noticed Grinder
  2873 | D:4      | Killed Grinder
  2874 | D:4      | Reached XP level 7. HP: 62/64 MP: 7/7
  3109 | D:4      | Noticed Natasha
  3117 | D:4      | Killed Natasha
  3240 | D:4      | Noticed Natasha
  3248 | D:4      | Killed Natasha
  3265 | D:5      | Entered Level 5 of the Dungeon
  3281 | D:5      | Noticed a water moccasin
  3286 | D:5      | Killed a water moccasin
  3287 | D:5      | Reached skill level 5 in Shields
  3287 | D:5      | Reached XP level 8. HP: 69/71 MP: 8/8
  3300 | D:5      | Found a stormy altar of Qazlal.
  3311 | D:5      | Got Niwida's Precepts of Refined Battling
  3466 | D:5      | Found a staircase to the Ecumenical Temple.
  3481 | Temple   | Entered the Ecumenical Temple
  3513 | Temple   | Became a worshipper of Cheibriados the Contemplative
  3705 | D:5      | Noticed Duvessa
  3705 | D:5      | Noticed Dowan
  3719 | D:5      | Killed Duvessa
  3724 | D:5      | Killed Dowan
  3989 | D:4      | Bought a scroll of identify for 24 gold pieces
  3989 | D:4      | Bought a scroll of identify for 24 gold pieces
  3989 | D:4      | Bought a scroll of identify for 24 gold pieces
  3989 | D:4      | Bought a scroll of fear for 48 gold pieces
  4310 | D:6      | Reached skill level 10 in Shields
  4310 | D:6      | Reached XP level 9. HP: 60/76 MP: 9/9
  4625 | D:6      | Reached * piety under Cheibriados
  4809 | D:6      | Found a shadowy altar of Dithmenos.
  4809 | D:6      | Found an ornate altar of the Wu Jian Council.
  5244 | D:7      | Noticed Jeremiah
  5244 | D:7      | Found Ubuujaij's Antique Armour Shop.
  5259 | D:7      | Killed Jeremiah
  5260 | D:7      | Reached skill level 5 in Axes
  5571 | D:7      | Noticed Prince Ribbit
  5579 | D:7      | Killed Prince Ribbit
  5708 | D:7      | Noticed a deep elf pyromancer
  5716 | D:7      | Killed a deep elf pyromancer
  5768 | D:7      | Reached XP level 10. HP: 71/83 MP: 10/10
  5816 | D:7      | Found Gic Vira's General Store.
  5831 | D:7      | Found Ytayppy's Book Emporium.
  6440 | D:7      | Found Ysusant's General Store.
  6698 | D:8      | Reached ** piety under Cheibriados
  6770 | D:7      | Reached skill level 10 in Axes
  6919 | D:8      | Reached skill level 1 in Invocations
  6998 | D:8      | Found a hide-covered altar of Uskayaw.
  7355 | D:8      | Noticed a two-headed ogre
  7370 | D:8      | Slain by a two-headed ogre

Illustrated notes

Levels and vault maps discovered:
D:1:      minmay_arrival_cross, layout_basic,
          hellmonk_ecumenical_altar_pennies_from_heaven
D:2:      layout_loops_ring, basic_altar
D:3:      layout_loops_ring, nicolae_tso_carved_into_rock,
          nicolae_overflow_ecumenical_swirl, uniq_sigmund
D:4:      layout_basic, serial_shops, shop_fountains, kennysheep_big_empty_room,
          uniq_grinder, uniq_natasha
D:5:      layout_rooms, nicolae_qazlal_beasts_of_the_sky, temple_green,
          uniq_duvessa
D:6:      layout_loops_corners, nicolae_overflow_two_pavilions, serial_library,
          serial_library_regret_index_branch_corner,
          serial_library_hellmonk_reading_circle,
          serial_library_hellmonk_u_bend, serial_library_hellmonk_semicircle,
          nicolae_underground_beach
D:7:      layout_loops_corners, serial_shops, nicolae_stop_n_shop_1, shop,
          nicolae_shop_advertising_works [nicolae_subvault_shop_adworks],
          nicolae_diamond_shop, grunt_ministairs_1, guppyfry_early_elven_hall,
          uniq_jeremiah, uniq_prince_ribbit1
D:8:      layout_loops_ring, mainiacjoe_overflow_paths
Temple:   regret_index_temple_waves

Skill      XL: |  1  2  3  4  5  6  7  8  9 10 |
---------------+-------------------------------+-----
Fighting       | 4 5 7 9 |  9.0
Shields        | 5 10 | 10.1
Axes           | 8 10 | 10.2
Invocations    | 3 |  3.2
Armour         | |  3.2

Action                     |  1- 3 |  4- 6 |  7- 9 | 10-12 || total
---------------------------+-------+-------+-------+-------++-------
  Melee: War axe           |    67 |       |       |       ||    67
         Spear             |    28 |    88 |   211 |   121 ||   448
 Invoke: Bend Time         |       |       |       |     1 ||     1
    Use: Scroll            |     3 |     2 |    14 |       ||    19
         Potion            |       |       |       |     2 ||     2
 Armour: Scale mail        |    53 |    23 |   111 |    48 ||   235
  Dodge: Dodged            |    31 |    16 |    63 |    32 ||   142
  Block: Buckler           |    19 |    14 |    68 |    40 ||   141

Table legend: (Time is in decaauts)
 A = Elapsed time spent in this place.
 B = Non-inter-level travel time spent in this place.
 C = Inter-level travel time spent in this place.
 D = Time resting spent in this place.
 E = Time spent auto-exploring this place.
 F = Levels seen in this place.
 G = Mean time per level.
                   A        B        C        D        E       F      G
               +--------+--------+--------+--------+--------+-----+--------+
         Total |   8353 |   7766 |    587 |    800 |   5838 |   9 |  928.1 |
       Dungeon |   8280 |   7764 |    516 |    800 |   5838 |   8 | 1035.0 |
        Temple |     73 |      2 |     71 |      0 |      0 |   1 |   73.0 |
               +--------+--------+--------+--------+--------+-----+--------+

Top non-repeatable levels by time:
     D:7: 1935 daAuts
     D:6: 1532 daAuts
     D:4: 1046 daAuts
     D:3: 888 daAuts
     D:2: 791 daAuts
     D:5: 718 daAuts
     D:8: 698 daAuts
     D:1: 669 daAuts
  Temple: 73 daAuts
